 Dungeon Crawl Stone Soup version 0.27.1-3-gb3d3a73c9e (webtiles) character file.

Game seed: 7052374150835502627

80 H0rd4k the Charlatan (level 4, -2/32 HPs)
             Began as a Human Artificer on Oct 12, 2021.
             Engulfed by a steam dragon's steam (6 damage)
             ... on level 6 of the Dungeon.
             The game lasted 00:02:53 (2961 turns).

H0rd4k the Charlatan (Human Artificer)              Turns: 2961, Time: 00:02:53

Health: -2/32      AC:  5    Str: 13    XL:     4   Next: 65%
Magic:  4/4        EV: 11    Int: 11    God:
Gold:   79         SH:  0    Dex: 14    Spells: 3/3 levels left

rFire    . . .     SeeInvis .   n - +0 rapier
rCold    . . .     Faith    .   (no shield)
rNeg     . . .     Spirit   .   b - +0 leather armour
rPois    .         Reflect  .   (no helmet)
rElec    .         Harm     .   (no cloak)
rCorr    .         Rampage  .   a - +0 pair of gloves
Will     .....                  h - +0 pair of boots
Stlth    +.........             (no amulet)
HPRegen  0.10/turn              (no ring)
MPRegen  0.09/turn              (no ring)

@: confused
A: no striking features
a: no special abilities


You were on level 6 of the Dungeon.
You visited 1 branch of the dungeon, and saw 4 of its levels.

You collected 79 gold pieces.

Inventory:

Hand Weapons
 n - a +0 rapier (weapon)
Armour
 a - a +0 pair of gloves (worn)
 b - a +0 leather armour (worn)
 h - a +0 pair of boots (worn)
Wands
 c - a wand of flame (26) (quivered)
 d - a wand of charming (13)
Scrolls
 j - a scroll of acquirement {unknown}
 k - 3 scrolls of teleportation {unknown}
 l - a scroll of holy word {unknown}
 m - 2 scrolls of identify {unknown}
Potions
 f - a potion of degeneration {unknown}
 g - a potion of haste {unknown}
 i - a potion of flight {unknown}
 o - a potion of curing {unknown}
Miscellaneous
 e - a piece from Xom's chessboard (15/15)


   Skills:
 + Level 1.5 Fighting
 + Level 1.7 Short Blades
 - Level 2.0 Armour
 + Level 1.8 Dodging
 - Level 1.0 Stealth
 + Level 4.0 Evocations


You had 3 spell levels left.
You didn't know any spells.
Your spell library was empty.

Dungeon Overview and Level Annotations

Branches:
Dungeon (3/15)

Altars:


Message History

The orc hits your iguana with a +1 short sword of venom.
Your iguana looks as sick as possible!
Your iguana dies!
The orc looks more experienced.
The white imp gestures at you. The puff of frost misses you.
The orc wizard casts a spell at you. The puff of flame hits you.
Aiming: Charm
Press: ? - help, Shift-Dir - straight line, f - steam dragon
Aim: a steam dragon (chance to affect: 58%)
The steam dragon resists with significant effort.
The steam dragon bites you but does no damage.
The steam dragon claws you but does no damage.
The orc wizard points at you and mumbles some strange words.
You are confused.
You are too confused!
Drop what? 15/52 slots (_ for help) (? for menu, Esc to quit)
Drop what? 15/52 slots (_ for help) (? for menu, Esc to quit)
Okay, then.
Unknown command.
You are too confused!
Drop what? 15/52 slots (_ for help) (? for menu, Esc to quit)
Drop what? 15/52 slots (_ for help) (? for menu, Esc to quit)
Okay, then.
Unknown command.
You bump into the rock wall.
The steam dragon bites you!
* * * LOW HITPOINT WARNING * * *
The steam dragon claws you.
* * * LOW HITPOINT WARNING * * *
Unknown command.
You hit the orc wizard.
You kill the orc wizard!
The steam dragon breathes steam at you. The ball of steam misses you.
You hear an angry hiss.
Unknown command.
You're too confused to move!
You are engulfed in a cloud of scalding steam.
You die...

..##. ..... #
.[.. ..# #..#
..# ##..##..#
#.......#
######.......#
#.....@).....+
#.#####DoY#..#
#.5o.#..#...
#..s#)....Y...
#.#.#.#....#..
#..###....##
..# ##### . #
#.


You could see a steam dragon (catching breath), an ice beast, a white imp and 2
orcs.

Vanquished Creatures
  An orc wizard (D:6)
  2 adders (D:2)
  A worm (D:3)
  2 orcs
  4 ball pythons
  2 endoplasms
  2 giant cockroaches (D:2)
  4 goblins
  4 hobgoblins (D:1)
  A quokka (D:3)
  3 bats
  3 frilled lizards
  4 kobolds
  2 rats
35 creatures vanquished.

Vanquished Creatures (collateral kills)
  A shadow imp (D:6)
1 creature vanquished.

Vanquished Creatures (others)
  An iguana (D:6)
  A frilled lizard (D:3)
2 creatures vanquished.

Grand Total: 38 creatures vanquished

Notes
Turn   | Place    | Note
-------+----------+-------------------------------------------
     0 | D:1      | H0rd4k the Human Artificer began the quest for the Orb.
     0 | D:1      | Reached XP level 1. HP: 15/15 MP: 1/1
   398 | D:1      | Reached XP level 2. HP: 19/21 MP: 2/2
  1750 | D:2      | Reached XP level 3. HP: 26/26 MP: 3/3
  1914 | D:2      | Reached skill level 4 in Evocations
  2213 | D:2      | Reached skill level 1 in Short Blades
  2753 | D:3      | Found a faded altar of an unknown god.
  2850 | D:3      | Reached XP level 4. HP: 25/32 MP: 4/4
  2946 | D:3      | You fall into a shaft and drop 3 floors!
  2952 | D:6      | Noticed an ice beast
  2955 | D:6      | Noticed a steam dragon
  2955 | D:6      | Noticed a scorpion
  2961 | D:6      | Engulfed by a steam dragon's steam

Illustrated notes

Levels and vault maps discovered:
D:1:      shiori_arrival_oz, layout_basic, serial_co_window_serial,
          co_window_paths_b, co_window_corner_a, co_window_paths_b,
          co_window_of_opportunity_a, co_window_corner_a, co_window_cross_1,
          co_window_corner_cb, co_window_broadway_b, co_window_corner_b,
          co_window_broadway_c, co_window_paths_c, co_window_unsneaky_path_a,
          co_window_4corner_b, glass_columns_a, glass_columns_a
D:2:      layout_basic
D:3:      minmay_thinvault, layout_basic, ebering_ecumenical_altar_abandoned,
          lemuel_flame_loot_1
D:6:      layout_gridville, minmay_manual_monstrance

Skill      XL: |  1  2  3 |
---------------+----------+-----
Evocations     | 4 |  4.0
Short Blades   | 1 |  1.7
Fighting       | |  1.5
Armour         | |  2.0
Dodging        | |  1.8
Stealth        | |  1.0

Action                   |  1- 3 |  4- 6 || total
-------------------------+-------+-------++-------
Melee: Dagger            |   116 |       ||   116
       Club              |    10 |       ||    10
       Rapier            |    11 |    10 ||    21
Evoke: Wand              |     7 |     6 ||    13
 Stab: Sleeping          |     2 |       ||     2
Armor: Leather armour    |    50 |     6 ||    56
Dodge: Dodged            |    75 |    14 ||    89
